Cogmind - Beta 10.2 @@@ ROGUE MODE // 2021.01.17 @ 23:41:54 Player: Demise Result: Destroyed by DAS Turret with DAS Cannon Performance ------------- Evolutions (1) 500 Regions Visited (5) 1000 Robots Destroyed (79) 395 Value Destroyed (2122) 2122 Prototype IDs (44) 880 Alien Tech Used (0) 0 Bonus (319) 319 TOTAL SCORE: 5216 Bonus ------- High Alert Combat Kills 19 Aligned with FarCom 300 Cogmind --------- Core Integrity 0/400 Matter 111/300 Energy 263/265 System Corruption 1% Temperature Cool (0) Movement Core (550) Ox10 Location -9/Exiles Parts ------- > --- POWER (1) -------- Reinforced Ion Engine > --- PROPULSION (2) --- (None) > --- UTILITY (4) ------ Large Storage Unit Armor Integrity Analyzer Core Shielding > --- WEAPON (2) ------- Improved Assault Rifle Improved Assault Rifle > --- INVENTORY (10) --- Light Treads Light Treads Improved EM Shotgun Improved Assault Rifle Improved Assault Rifle Peak State ------------ > --- POWER ------------ Cooled Ion Engine > --- PROPULSION ------- Light Treads Light Treads > --- UTILITY ---------- Large Storage Unit Large Storage Unit Lightpack 2.0 > --- WEAPON ----------- Improved Assault Rifle Datajack > --- INVENTORY -------- Reinforced Ion Engine Heavy Ion Engine Light Treads Light Treads Flying Fortress v7 Medium Storage Unit Medium Storage Unit Improved Signal Interpreter Improved Targeting Computer Armor Integrity Analyzer Core Shielding Improved Light Armor Plating Improved Light Armor Plating Hacking Suite Improved EM Shotgun Improved Assault Rifle Improved Assault Rifle Improved Assault Rifle Improved Assault Rifle Improved Assault Rifle AWS/Autocannon Rocket Launcher Mining Laser Blade Trap Blade Trap Blade Trap [Rating: 42] Favorites ----------- Power Cooled Ion Engine Engine Cooled Ion Engine Propulsion Light Treads Treads Light Treads Utility Medium Storage Unit Device Trap Extractor Storage Medium Storage Unit Processor Transport Network Coupler Protection Core Shielding Weapon Improved Assault Rifle Energy Gun Improved EM Shotgun Ballistic Gun Improved Assault Rifle Launcher Rocket Launcher Special Weapon Mining Laser Special Melee Weapon Datajack Build | -11 -10 -10 -9 -9 -9 ------- Run | Scr Mat Min Mat Min Exi Slots Evolved 2 | . . . 2 . . Power . | . . . . . . Propulsion . | . . . . . . Utility 2 | . . . 2 . . Weapon . | . . . . . . Parts Attached 118 | 7 15 9 63 6 18 Power 8 | . 1 1 5 . 1 Engine 8 | . 1 1 5 . 1 Core . | . . . . . . Reactor . | . . . . . . Propulsion 26 | 2 1 2 21 . . Treads 26 | 2 1 2 21 . . Leg . | . . . . . . Wheel . | . . . . . . Hover . | . . . . . . Flight . | . . . . . . Utility 30 | 1 4 . 15 . 10 Device 1 | . . . 1 . . Storage 13 | 1 3 . 6 . 3 Processor 5 | . 1 . 2 . 2 Hackware . | . . . . . . Protection 11 | . . . 6 . 5 Artifact . | . . . . . . Weapon 54 | 4 9 6 22 6 7 Energy Gun 4 | . . . 3 . 1 Energy Cannon . | . . . . . . Ballistic Gun 38 | 4 7 6 15 3 3 Ballistic Cannon . | . . . . . . Launcher 3 | . . . . 1 2 Special Weapon 7 | . 2 . 3 2 . Impact Weapon . | . . . . . . Slashing Weapon . | . . . . . . Piercing Weapon . | . . . . . . Special Melee Weapon 2 | . . . 1 . 1 Unidentified Prototypes . | . . . . . . Parts Lost 14 | . 1 3 3 . 7 Power . | . . . . . . Propulsion 4 | . . 1 1 . 2 Utility 4 | . . . 1 . 3 Weapon 6 | . 1 2 1 . 2 Highest Loss Streak 7 | . 1 1 3 . 7 Average Slot Usage (%) 95 | . 95 99 97 100 85 Engine 11 | . 12 13 11 11 11 Treads 23 | . 28 28 21 22 21 Storage 28 | . 21 28 30 44 22 Processor 1 | . 3 . 1 . 5 Protection 6 | . . . 10 . 2 Ballistic Gun 18 | . 25 28 17 17 12 Special Weapon 1 | . 2 . . 1 . Special Melee Weapon 1 | . . . 1 . 7 Naked Turns . | . . . . . . Heaviest Build 62 | 6 25 28 62 62 62 Greatest Support 42 | 3 40 42 42 40 40 Greatest Overweight (x) 3 | 1 3 1 2 1 1 Average Overweight (x) . | . . . . 1 . Largest Inventory Capacity 36 | 6 12 12 24 24 36 Average Capacity 16 | 5 9 12 17 24 24 Most Carried 36 | 6 12 12 24 24 36 Average Carried 16 | 4 9 11 16 24 22 Final Capacity 24 | 6 12 12 24 24 10 Final Carried 24 | 5 12 12 24 24 5 Class Distribution -------------------- 34% | Mutant 33% | Scavenger-Mutant 27% | Hauler-Mutant 4% | Trapper-Mutant Dominant Class ---------------- Mutant | -10/Materials Mutant | -10/Mines Scavenger-Mutant | -9/Materials Hauler-Mutant | -9/Mines Hauler-Mutant | -9/Exiles Resources | -11 -10 -10 -9 -9 -9 ----------- Run | Scr Mat Min Mat Min Exi Matter Collected 2446 | 292 193 264 1442 114 141 Remotely . | . . . . . . Salvage Created 3029 | 128 310 291 2150 138 12 Parts 193 | 12 25 17 128 11 . Haulers Intercepted 8 | . 2 . 6 . . Recyclers Shooed 4 | . 2 . 2 . . Parts Field Recycled . | . . . . . . Retrieved Matter . | . . . . . . Parts Self-Destructed . | . . . . . . Prevented . | . . . . . . Kills | -11 -10 -10 -9 -9 -9 ------- Run | Scr Mat Min Mat Min Exi Combat Hostiles Destroyed 59 | . 4 11 35 7 2 Guns 57 | . 4 11 35 5 2 AOE 2 | . . . . 2 . Classes Destroyed 12 | 2 3 1 5 1 . Worker 2 | . . . 2 . . Tunneler 3 | 3 . . . . . Hauler 8 | . 2 . 6 . . Recycler 2 | 1 . . 1 . . Operator 2 | . . . 2 . . Watcher 6 | . 1 . 5 . . Swarmer 10 | . . 6 . 4 . Grunt 34 | . 4 5 23 2 . Brawler 1 | . . . 1 . . Duelist 1 | . . . 1 . . Sentry 10 | . . . 10 . . Assembled 3 | . . . . 1 2 Best Kill Streak 5 | 3 2 3 5 4 1 Combat Bots Only 4 | . 2 3 4 4 1 Max Kills in Single Turn 2 | 1 1 2 2 2 1 Gunslinging 1 | . . 1 1 1 . Exploded 1 | . . . . 1 . Melee . | . . . . . . Uniques/NPCs Destroyed . | . . . . . . Combat | -11 -10 -10 -9 -9 -9 -------- Run | Scr Mat Min Mat Min Exi Damage Taken 4142 | . 265 565 1607 132 1573 Core 508 | . 16 50 185 57 200 Absorbed by Shields . | . . . . . . Core Remaining (%) 86 | 100 . 73 . . . Volleys Fired 311 | 11 50 43 157 21 29 Largest 2 | 2 2 2 2 2 2 Hottest 100 | 40 100 40 100 100 68 Shots Fired 572 | 22 91 85 305 25 44 Gun 540 | 22 82 85 301 12 38 Cannon . | . . . . . . Launcher 8 | . . . . 2 6 Special 24 | . 9 . 4 11 . Kinetic 532 | 22 82 85 296 12 35 Thermal 24 | . 9 . 4 11 . Explosive 8 | . . . . 2 6 Electromagnetic 8 | . . . 5 . 3 Robot Hit Streak 25 | 14 12 17 25 17 8 Robot Miss Streak 4 | 1 3 4 2 1 2 Penetration Max . | . . . . . . Secondary Targets 7 | . . 1 4 2 . Max Gunslinging Chain 1 | . . 1 1 1 . Shots Hit Robots 411 | 18 60 62 225 13 33 Core Hits 159 | 7 20 23 89 10 10 Critical Hits . | . . . . . . Critical Kills . | . . . . . . Critical Parts Destroyed . | . . . . . . Melee Attacks 6 | . . . 2 . 4 Impact . | . . . . . . Slashing . | . . . . . . Piercing . | . . . . . . Sneak Attacks 6 | . . . 2 . 4 Combat Hostiles . | . . . . . . Follow-up Attacks . | . . . . . . Damage Inflicted 5157 | 144 483 625 3195 311 399 Guns 4876 | 144 483 625 3140 181 303 Cannons . | . . . . . . Explosions 281 | . . . 55 130 96 Melee . | . . . . . . Ramming . | . . . . . . Kinetic 4752 | 144 483 625 3045 181 274 Thermal . | . . . . . . Explosive 281 | . . . 55 130 96 Electromagnetic 124 | . . . 95 . 29 Impact . | . . . . . . Slashing . | . . . . . . Piercing . | . . . . . . Highest Corruption 1 | . . . 1 1 1 Average Corruption 1 | . . . 1 1 1 Corruption Purged . | . . . . . . Effects 12 | . . . 5 1 6 Message Errors 5 | . . . 1 1 3 Energy Discharges 2 | . . . 1 . 1 Data Loss (minor) 5 | . . . 3 . 2 Overload Shots . | . . . . . . Overflow Damage . | . . . . . . Projectiles . | . . . . . . Explosions . | . . . . . . Melee . | . . . . . . Knockbacks . | . . . . . . Impact . | . . . . . . Kinetic . | . . . . . . Secondary . | . . . . . . Self-Inflicted Damage 41 | . . . . . 41 Shots 1 | . . . . . 1 Rammed . | . . . . . . Targets Rammed . | . . . . . . Kicked . | . . . . . . Crushed . | . . . . . . Highest Temperature 60 | . 60 22 40 . 20 Average Temperature 8 | . 15 6 6 . 10 Received Heat Transfer 1053 | . 150 198 693 12 . Siege Activations . | . . . . . . Robots Corrupted . | . . . . . . Combat Hostiles . | . . . . . . Parts Fried . | . . . . . . Impact Corruptions . | . . . . . . Robots Melted . | . . . . . . Combat Hostiles . | . . . . . . Parts Melted . | . . . . . . Heat Transferred . | . . . . . . Parts Sabotaged . | . . . . . . Parts Stolen . | . . . . . . Parts Stripped . | . . . . . . Power Chain Reactions . | . . . . . . Missiles Intercepted . | . . . . . . Alert | -11 -10 -10 -9 -9 -9 ------- Run | Scr Mat Min Mat Min Exi Peak Influence 428 | 20 144 200 428 268 . Initial 83 | . 13 . 19 83 . Average 176 | 8 34 79 243 165 . Maximum Alert Level 2 | . . 1 2 1 . Low Security (%) 59 | 100 100 93 38 59 . Level 1 37 | . . 6 55 40 . Level 2 3 | . . . 5 . . Level 3 . | . . . . . . Level 4 . | . . . . . . Level 5 . | . . . . . . High Security . | . . . . . . Max Security . | . . . . . . Squads Dispatched 5 | . 2 1 2 . . Investigation 4 | . 1 1 2 . . Extermination . | . . . . . . Reinforcement 1 | . 1 . . . . Assault . | . . . . . . Garrison . | . . . . . . Intercept . | . . . . . . Construction Impeded . | . . . . . . Haulers Reinforced . | . . . . . . Stealth | -11 -10 -10 -9 -9 -9 --------- Run | Scr Mat Min Mat Min Exi Distress Signals 5 | . . . 5 . . Communications Jammed . | . . . . . . Distress Signals . | . . . . . . Times Spotted 129 | . 12 12 57 8 40 Peak Tracking Total 9 | . 2 3 4 4 9 Tactical Retreats 14 | . 1 1 4 1 7 Traps | -11 -10 -10 -9 -9 -9 ------- Run | Scr Mat Min Mat Min Exi Traps Triggered 4 | . 1 . 3 . . Indirectly . | . . . . . . Trap Hack Attempts 58 | . . . 58 . . Triggered . | . . . . . . Disarmed 1 | . . . 1 . . Reprogrammed 8 | . . . 8 . . Reused 4 | . . . . . 4 Traps Extracted 8 | . . . 8 . . Installed 4 | . . . . . 4 Triggered . | . . . . . . Exploded 3 | . . . . . 3 Machines | -11 -10 -10 -9 -9 -9 ---------- Run | Scr Mat Min Mat Min Exi Machines Disabled 11 | . . . 3 2 6 Max in Single Turn 2 | . . . 2 2 2 Machines Sabotaged . | . . . . . . Garrisons Compromised . | . . . . . . Overloaded Fab Kills . | . . . . . . Fab Network Shutdowns . | . . . . . . Hacking | -11 -10 -10 -9 -9 -9 --------- Run | Scr Mat Min Mat Min Exi Machines Accessed 30 | . 9 1 18 . 2 Terminals 20 | . 8 . 12 . . Fabricators . | . . . . . . Repair Stations 2 | . . . 2 . . Recycling Units 3 | . 1 . 2 . . Scanalyzers 2 | . . . 2 . . Garrison Access . | . . . . . . Total Hacks 100 | . 32 1 65 . 2 Successful 63 | . 21 1 39 . 2 Failed 36 | . 10 . 26 . . Catastrophic 3 | . 1 . 2 . . Database Lockouts 1 | . 1 . . . . Manual 57 | . 25 . 31 . 1 Terminals 75 | . 29 . 46 . . Fabricators . | . . . . . . Repair Stations 7 | . . . 7 . . Recycling Units 8 | . 3 . 5 . . Scanalyzers 7 | . . . 7 . . Garrison Access . | . . . . . . Terminal Hacks 27 | . 12 1 12 . 2 Record 1 | . . . . . 1 Part Schematic 3 | . 3 . . . . Robot Analysis 4 | . 3 . 1 . . Prototype ID Bank 4 | . 2 . 2 . . Open Door 1 | . . 1 . . . Level Access Points 1 | . . . 1 . . Branch Access Points 1 | . . . 1 . . Terminal Index 2 | . 1 . 1 . . Unreport Threat 4 | . 1 . 3 . . Locate Traps 1 | . . . 1 . . Hauler Manifests 1 | . 1 . . . . Zone Layout 3 | . 1 . 2 . . EX-Prototype ID Bank 1 | . . . . . 1 Fabricator Hacks . | . . . . . . Repair Station Hacks 6 | . . . 6 . . Scan Component 3 | . . . 3 . . Repair 3 | . . . 3 . . Recycling Unit Hacks 3 | . 1 . 2 . . Retrieve Components 3 | . 1 . 2 . . Scanalyzer 6 | . . . 6 . . Insert Component 3 | . . . 3 . . Analyze 3 | . . . 3 . . Garrison Access Hacks . | . . . . . . Unauthorized Hacks 21 | . 8 . 13 . . Terminals 18 | . 6 . 12 . . Track 3 | . . . 3 . . Assimilate 3 | . 1 . 2 . . Botnet 10 | . 4 . 6 . . Operators 2 | . 1 . 1 . . Fabricators . | . . . . . . Repair Stations . | . . . . . . Recycling Units 3 | . 2 . 1 . . Reject 1 | . 1 . . . . Mask 2 | . 1 . 1 . . Scanalyzers . | . . . . . . Garrison Access . | . . . . . . Data Cores Recovered . | . . . . . . Used . | . . . . . . Hacking Detections 22 | . 6 . 16 . . Full Trace Events 1 | . . . 1 . . Feedback Events . | . . . . . . Feedback Blocked . | . . . . . . Robot Schematics Acquired . | . . . . . . Robots Built . | . . . . . . Matter . | . . . . . . Time . | . . . . . . Total Robot Build Rating . | . . . . . . Part Schematics Acquired 5 | . 3 . 2 . . Parts Built . | . . . . . . Matter . | . . . . . . Time . | . . . . . . Total Part Build Rating . | . . . . . . Parts Repaired 3 | . . . 3 . . Time 77 | . . . 77 . . Parts Recycled . | . . . . . . Recycled Matter . | . . . . . . Retrieved Matter . | . . . . . . Retrieved Components 29 | . 10 . 19 . . Parts Scanalyzed 3 | . . . 3 . . Part Schematics Acquired 2 | . . . 2 . . Parts Damaged 1 | . . . 1 . . Bothacking | -11 -10 -10 -9 -9 -9 ------------ Run | Scr Mat Min Mat Min Exi Used RIF Installer . | . . . . . . Robots Hacked 6 | . . . 2 . 4 Non-combat 5 | . . . 2 . 3 Combat 1 | . . . . . 1 Robot Hacks Applied 6 | . . . 2 . 4 parse_system 6 | . . . 2 . 4 Relay Couplers Released . | . . . . . . Robots Rewired . | . . . . . . Allies Hacked . | . . . . . . Hacks Repelled . | . . . . . . Allies | -11 -10 -10 -9 -9 -9 -------- Run | Scr Mat Min Mat Min Exi Total Allies . | . . . . . . Largest Group . | . . . . . . Highest-Rated Group . | . . . . . . Highest-Rated Ally . | . . . . . . Total Orders . | . . . . . . Ally Attacks . | . . . . . . Total Damage . | . . . . . . Kills . | . . . . . . Allies Corrupted . | . . . . . . Allies Melted . | . . . . . . Intel | -11 -10 -10 -9 -9 -9 ------- Run | Scr Mat Min Mat Min Exi Robot Analysis Total 4 | . 3 . 1 . . Derelict Logs Recovered 2 | . . 1 . 1 . Drone Launches . | . . . . . . Drone Recoveries . | . . . . . . Exploration | -11 -10 -10 -9 -9 -9 ------------- Run | Scr Mat Min Mat Min Exi Turns Passed 8534 | 84 1296 942 4378 485 1349 Spaces Moved 4156 | 49 674 523 1996 224 690 Core 269 | 49 220 . . . . Treads 3887 | . 454 523 1996 224 690 Legs . | . . . . . . Wheels . | . . . . . . Hover . | . . . . . . Flight . | . . . . . . Fastest Speed 50 | 50 100 152 152 180 160 Average Speed 166 | 81 162 152 171 180 169 Slowest Speed 200 | 100 200 165 200 180 180 Overloaded Moves . | . . . . . . Propulsion Burnouts . | . . . . . . Robots Hopped . | . . . . . . Cave-ins Triggered . | . . . . . . Exploration Rate (%) 66 | 5 96 96 97 36 71 Regions Visited 5 Branch Regions 3 Pre-discovered Areas 1 | . . . . . 1 Known Exits Taken 3 | . 1 1 1 . . Unknown Exits Taken 2 | 1 . . . 1 . Scrap Searched 2 | . . 1 . 1 . Spaces Dug 17 | . 7 . 2 1 7 Terrain Destroyed 91 | . 9 . 51 16 15 Melee . | . . . . . . Projectile 15 | . 9 . 2 4 . AOE 76 | . . . 49 12 15 Terrain Rammed . | . . . . . . Walls Destroyed . | . . . . . . Machines Disabled . | . . . . . . Actions | -11 -10 -10 -9 -9 -9 --------- Run | Scr Mat Min Mat Min Exi Total 5234 | 73 787 594 2688 256 836 Wait 340 | . 17 11 281 6 25 Move 4151 | 48 673 522 1995 223 690 Hop . | . . . . . . Pick Up 111 | 5 18 4 52 . 32 Fast Attach 27 | 5 2 2 15 . 3 Attach 24 | 2 2 2 8 . 10 Detach 12 | 2 1 . 4 . 5 Swap 67 | . 11 5 40 6 5 Drop 123 | . 13 5 76 . 29 Fire 311 | 11 50 43 157 21 29 Melee 6 | . . . 2 . 4 Ram . | . . . . . . Kick . | . . . . . . Crush . | . . . . . . Escape Stasis . | . . . . . . Rewire . | . . . . . . Trap 62 | . . . 58 . 4 Miscellaneous . | . . . . . . Route ------- -11/Scrapyard -10/Materials (discovered 4 exits: *Mat x2 / *Min x2) -10/Mines (discovered 2 exits: *Mat x2) -9/Materials (discovered 4 exits: *Mat x3 / *Min) -9/Mines -9/Exiles (discovered 1 exit: [*Min]) History --------- Turn | Location | Event 14 | -11/Scrapyard | Discovered new exit (range 16) 85 | -11/Scrapyard | Entered Materials 304 | -10/Materials | Discovered new exit (range 3) 315 | -10/Materials | Build established: Mutant 448 | -10/Materials | Identified exit to Materials 563 | -10/Materials | Discovered new exit (range 7) 571 | -10/Materials | Identified exit to Mines 934 | -10/Materials | Central database locked down 1274 | -10/Materials | Discovered exit to Mines (range 6) 1326 | -10/Materials | Discovered exit to Materials (range 4) 1381 | -10/Materials | Entered Mines 1387 | -10/Mines | Met a Derelict shopkeep closing up shop 1558 | -10/Mines | Discovered exit to Materials (range 5) 1848 | -10/Mines | Discovered exit to Materials (range 16) 2323 | -10/Mines | Entered Materials 2323 | -9/Materials | Evolved 2 slots: Utility x2 2421 | -9/Materials | Build established: Scavenger-Mutant 2586 | -9/Materials | Lost 3 parts (1n1u1w) 3276 | -9/Materials | Repaired Imp. Assault Rifle 3465 | -9/Materials | Discovered new exit (range 16) 4017 | -9/Materials | Discovered new exit (range 10) 4017 | -9/Materials | Identified exit to Mines 4380 | -9/Materials | Identified exit to Materials 4993 | -9/Materials | Build established: Mutant 5871 | -9/Materials | Build established: Trapper-Mutant 6248 | -9/Materials | Repaired Lgt. Treads 6276 | -9/Materials | Repaired Lgt. Treads 6297 | -9/Materials | Build established: Hauler-Mutant 6701 | -9/Materials | Entered Mines 6750 | -9/Mines | A weapon hastily lodged in a ceiling crevice suddenly fell to the ground 6770 | -9/Mines | Learned Materials stockpile data 6905 | -9/Mines | Core integrity fell below 50% 7025 | -9/Mines | Excavation squad dispatched 7025 | -9/Mines | A large section of the Mines collapsed 7179 | -9/Mines | Deemed a non-threat by the Exiles lab entrance 7179 | -9/Mines | Discovered new exit (range 5) 7186 | -9/Mines | Entered Exiles 7231 | -9/Exiles | Met 8R-AWN 7267 | -9/Exiles | Met EX-HEX 7318 | -9/Exiles | Met EX-BIN 7340 | -9/Exiles | Aligned with FarCom system 7342 | -9/Exiles | Given EX-Vault access code 7385 | -9/Exiles | Opened EX-Vault 7404 | -9/Exiles | Found Lightpack 2.0 7409 | -9/Exiles | Found AWS/Autocannon 7415 | -9/Exiles | Found Flying Fortress v7 7478 | -9/Exiles | Warned to stay clear of 0b10 Research branches 7613 | -9/Exiles | Met EX-DEC 7667 | -9/Exiles | Learned location of Zion (-7) 7753 | -9/Exiles | Discovered new exit (range 10) 8216 | -9/Exiles | Attacked by the Exiles 8499 | -9/Exiles | Core integrity fell below 20% 8535 | -9/Exiles | Destroyed by DAS Turret with DAS Cannon Last Messages --------------- 08326_ Extracted 10 matter. 08326_ Dropped Imp. Assault Rifle. 08327_ Dropped Hvy. Ion Engine. 08327_ Dropped Lrg. Storage Unit. 08329_ Extracted 10 matter. 08375_ as-49973 destroyed. 08378_ Acquired 10 matter. 08403_ Acquired Rocket Launcher. 08443_ Machine disabled. 08466_ Rocket Launcher destroyed. 08473_ Discarded Imp. Targeting Computer. 08488_ Imp. Light Armor Plating destroyed. 08490_ Imp. Assault Rifle destroyed. 08490_ Imp. Light Armor Plating destroyed. 08495_ DK3P:DNZP7HK2DETTJBYXFU21BO/XC4,SVHF 08500_ The unstable cave ceiling collapses. 08513_ Lgt. Treads destroyed. 08522_ Imp. Light Armor Plating destroyed. 08531_ Lgt. Treads destroyed. 08531_ Knocked back. Map ----- +----------------------------------------------------+ | #???????????????????????????????????????"###??# | | #?????????????????????????????????????????????# | | ??????????????????????????????????????????????# | | #????????????????????????????????????????????## | | #????????????#######?????????????????????????#" | | #######??????#!!! "#?????????????????????????#" | | #""##?????# "#?????????????????????????#" | | #?????# "#?????????????????????????#" | | ##???## ""#?????????????#???????????#" | | #####" ""#????????????? """????????#" | | ##" ""#????????????" """#???????## | | #"" #??????????????" ?????????# | | "## ###????????????" ?????????#" | | ###### ##???????????" "#????????#" | | ?????### ##?????????? ""?????????#" | | #######" #####?????????" "?????????##" | | !!""""" % ;;#?????????# #????????##"" | | ! *!###" #####?##### ###?######"" | | ! [*"#?# "##;##X# #"###""""""" | | ! ! !##?##" """""" " "" | | """"""###???#"# % "" """ " | | #########?????#### " | | ?????????????????### %% | | ???????????????????### | | ?????????????????????## | | ??????????????????????# @ | | ??????????????????????# | | ??????????????????????# """""" | | ??????????????????????### ######" | | ??????????????????????? ""##????## | | ??????????????????????# """##??????? | | ??????????????????????#" """##???????? | | ??????????????????????#" ""#????????? | | ??????????????????????#" ########??# | | ??????????????????????#" ## #### | | ??????????????????????#"" """ | | ??????????????????????## t | | ???????????????????????#" | | ???????????????????????## | | ????????????????????????# " | | ????????????????????????#" "" ""## | | ????????????????????????#"" ""#### | | ????????????????????????#" """"##??# | | ????????????????????????#""" """#??## | | ????????????????????????## ""##??# | | ?????????????????????????#"" """##???#" | | ?????????????????????????##""" ##????#" | | ??????????????????????????##"""" ##?????# " | | ????????????????????????????## #??????#### | | ??????????????????????????????#### ##?????????? | +----------------------------------------------------+ Best States ------------- Heat Dissipation 28 Energy Generation 14 Energy Capacity 280 Matter Stores 300 Matter Capacity 300 Sight Range 16 Terrain Scan Density 10 Armor Coverage 225 Resistance: TH 10 Core Shielding 20 Evasion (%) 40 Targeting Accuracy 6 Armor Integrity Analysis 33 Recoil Reduction 2 Item Schematics ----------------- Hcp. Storage Unit | -10/Materials | Hacked Lrg. Storage Unit | -10/Materials | Hacked Med. Storage Unit | -10/Materials | Hacked Hacking Suite | -9/Materials | Scanalyzed Imp. Assault Rifle | -9/Materials | Scanalyzed Robot Schematics ------------------ None Fabricated ------------ Nothing Alien Tech Used ----------------- None Achievements -------------- None Challenges ------------ None Game ------ Seed LatentPortableMediator Manual? 0 Play Time 01:05:55 Cumulative 217.6 hours Start 2021.01.17 @ 22:38:54 End 2021.01.17 @ 23:41:54 Sessions 1 Manual Loads 0 Difficulty Rogue Special Mode None Game No. 198 Rogue 198 Adventurer 0 Explorer 0 Win Type - Total 1 Types 0/0/0/1/0/0/0/0/0 Lore% 60 Gallery% 71 Achievement% 57 Wizard Run 0 Options --------- ASCII 0 Keyboard 1 Movement Numpad Keybinds 0 Fullscreen 1 Font 12/Terminus Map View 83x54 Tactical HUD 1 Map Filters NONE Filters NONE Steam 1 RUN: 077124c2-9b07-42a1-9ebd-8f126af907bf